Map: King Sejong Station LE

Players

Nerchio - Winner!

  • Race: Zerg Zerg

viOLet

  • Race: Zerg Zerg

Event: IEM Season 11 - Shanghai

VOD

Have the link to the VOD?

Description

Time

  • Played on: July 29, 2016, 8:21 a.m.
  • Length: 10:52

All games in this series

Show
View Real Time Build Order
Export as new Build Order

Nerchio Zerg - Winner!

Build Orders: Hatch First 

Get SALT Encoding   

  12  0:00  Drone  
  13  0:12  Overlord  
  13  0:17  Drone  
  14  0:30  Drone x2  
  14  0:34  Drone  
  17  0:52  Hatchery  
  17  0:54  Drone  
  17  1:08  Spawning Pool  
  16  1:11  Drone  
  16  1:13  Extractor  
  16  1:16  Drone  
  17  1:20  Drone  
  18  1:28  Drone  
  19  1:38  Overlord  
  19  1:55  Queen  
  19  1:56  Zergling x2  
  19  2:00  Zergling x2  
  23  2:04  Queen  
  25  2:09  Drone  
  25  2:11  Drone  
  25  2:12  Metabolic Boost  
  25  2:15  Drone  
  28  2:22  Drone  
  29  2:26  Drone  
  30  2:32  Drone  
  31  2:47  Hatchery  
  31  2:50  Drone x2  
  32  2:52  Overlord  
  32  3:02  Zergling x6  
  32  3:03  Zergling x2  
  36  3:13  Zergling x2  
  36  3:14  Roach Warren  
  36  3:18  Zergling x4  
  37  3:29  Overlord  
  37  3:31  Zergling x4  
  37  3:32  Zergling x2  
  39  3:35  Zergling x2  
  39  3:40  Overlord  
  38  3:54  Roach x4  
  46  3:56  Roach  
  46  3:57  Roach  
  46  4:02  Roach  
  52  4:09  Drone x3  
  55  4:11  Drone  
  55  4:13  Drone  
  55  4:16  Drone  
  58  4:18  Drone  
  59  4:29  Ravager x2  
  59  4:30  Drone x4  
  65  4:34  Overlord  
  65  4:41  Extractor  
  65  4:43  Overlord  
  64  4:46  Overlord  
  64  4:53  Roach x3  
  64  4:54  Roach  
  72  5:00  Overlord  
  72  5:02  Roach  
  74  5:08  Roach  
  74  5:11  Overlord  
  74  5:12  Roach  
  78  5:16  Roach  
  78  5:17  Zergling x4  
  82  5:23  Zergling x8  
  82  5:26  Roach  
  88  5:31  Roach  
  88  5:33  Roach, Zergling x2  
  87  5:37  Roach  
  87  5:39  Zergling x4  
  87  5:42  Drone  
  88  5:45  Drone x2  
  88  5:48  Drone  
  88  5:49  Drone  
  88  5:51  Drone  
  88  5:53  Drone  
  90  6:00  Zergling x2  
  90  6:01  Zergling x6  
  94  6:07  Lair  
  94  6:10  Evolution Chamber  
  94  6:11  Drone x2  
  95  6:14  Drone  
  95  6:15  Extractor, Drone  
  95  6:17  Drone  
  97  6:22  Drone x2, Ravager x2  
  97  6:24  Drone  
  102  6:26  Drone  
  102  6:28  Drone, Extractor  
  102  6:31  Overlord  
  103  6:36  Queen  
  105  6:40  Overlord  
  105  6:43  Overlord  
  105  6:50  Roach  
  105  6:51  Roach x2  
  111  6:55  Roach  
  111  6:57  Roach  
  111  6:58  Roach  
  118  7:01  Roach x2  
  118  7:02  Roach  
  118  7:07  Glial Reconstitution  
  120  7:14  Zergling x8  
  120  7:15  Overlord  
  124  7:19  Zerg Missile Weapons Level 1  
  124  7:27  Roach x2  
  124  7:29  Roach  
  130  7:31  Overlord  
  130  7:36  Overlord x2  
  130  7:37  Roach x2  
  130  7:39  Overseer  
  134  7:48  Roach x2  
  134  7:49  Roach  
  138  7:54  Roach  
  138  7:56  Roach  
  142  8:01  Roach  
  142  8:02  Overlord, Roach  
  142  8:05  Extractor, Spine Crawler, Drone x3  
  146  8:07  Roach  
  146  8:11  Roach  
  146  8:12  Roach  
  153  8:14  Overlord  
  153  8:19  Roach x3  
  159  8:25  Overlord x2  
  159  8:29  Evolution Chamber  
  158  8:35  Roach x3  
  158  8:38  Roach  
  168  8:41  Roach  
  168  8:43  Roach  
  168  8:46  Roach  
  172  8:48  Roach  
  172  8:50  Roach  
  172  8:51  Roach  
  178  8:56  Roach x2  
  178  8:59  Roach  
  178  9:01  Roach  
  181  9:14  Overlord  
  181  9:15  Roach x3  
  185  9:20  Roach  
  185  9:22  Overlord  
  185  9:28  Overlord x2  
  185  9:30  Roach  
  185  9:33  Roach x4  
  185  9:36  Roach  
  191  9:41  Overlord  
  191  9:45  Roach x2  
  181  9:48  Roach  
  181  9:50  Roach x2  
  173  10:00  Drone x2  
  173  10:01  Drone, Hydralisk Den  
  173  10:02  Extractor  
  167  10:23  Hatchery, Roach x3  
  172  10:28  Roach  
  172  10:29  Roach x2  
  172  10:33  Roach  
Show
View Real Time Build Order
Export as new Build Order

viOLet Zerg 

Build Orders: Hatch First 

Get SALT Encoding   

  12  0:00  Drone  
  13  0:12  Overlord  
  13  0:17  Drone  
  14  0:30  Drone x2  
  14  0:34  Drone  
  17  0:52  Hatchery  
  17  0:54  Drone  
  17  0:58  Drone  
  18  1:08  Extractor  
  17  1:12  Spawning Pool  
  17  1:15  Drone  
  17  1:18  Drone  
  18  1:28  Drone  
  19  1:39  Overlord  
  19  1:54  Drone  
  19  1:59  Queen  
  19  2:01  Drone  
  23  2:03  Queen, Zergling x2  
  23  2:07  Metabolic Boost  
  26  2:16  Drone x2  
  28  2:24  Drone  
  29  2:37  Drone, Hatchery  
  29  2:39  Drone  
  29  2:43  Drone  
  31  2:50  Overlord  
  31  2:51  Zergling x2  
  31  2:56  Zergling x2  
  33  3:00  Zergling x2  
  34  3:06  Zergling x2  
  34  3:08  Zergling x4  
  34  3:12  Zergling x8  
  41  3:13  Zergling x2  
  42  3:22  Overlord  
  42  3:25  Zergling x2  
  41  3:35  Drone x2, Roach Warren  
  41  3:40  Drone x2  
  41  3:41  Drone  
  45  3:43  Drone  
  45  3:44  Drone x2  
  47  3:51  Drone x2  
  47  3:54  Overlord  
  48  4:07  Overlord  
  47  4:16  Roach x5  
  47  4:17  Roach  
  59  4:19  Roach  
  59  4:23  Overlord  
  61  4:24  Roach  
  61  4:28  Roach x2  
  61  4:31  Zergling x2  
  65  4:35  Zergling x6  
  65  4:38  Zergling x2  
  69  4:43  Roach x2  
  72  4:57  Hatchery, Zergling x4  
  72  4:58  Zergling x2  
  74  5:01  Zergling x2  
  74  5:02  Overlord  
  75  5:10  Zergling x2  
  76  5:19  Evolution Chamber  
  76  5:20  Queen  
  76  5:22  Zergling x2  
  76  5:25  Zergling x12  
  83  5:35  Zergling x6  
  79  5:38  Zergling x2  
  79  5:41  Drone  
  75  5:48  Roach  
  75  5:49  Roach  
  71  5:52  Drone  
  71  5:53  Zerg Missile Weapons Level 1, Drone  
  73  5:59  Drone x2  
  75  6:08  Drone  
  75  6:09  Overlord  
  75  6:10  Drone x3  
  79  6:12  Lair  
  79  6:15  Extractor x2  
  79  6:17  Overlord  
  77  6:19  Drone  
  78  6:27  Drone x2  
  78  6:28  Roach x3  
  78  6:32  Roach  
  88  6:44  Overlord x2  
  88  6:45  Drone x3  
  91  6:49  Overlord  
  90  7:04  Drone x6  
  90  7:05  Overlord x2  
  90  7:07  Drone x2  
  98  7:11  Glial Reconstitution  
  96  7:17  Roach x3  
  96  7:18  Roach x2  
  104  7:24  Ravager x2  
  104  7:25  Overlord, Roach x2  
  104  7:29  Roach  
  112  7:31  Overlord x2  
  112  7:32  Drone  
  113  7:41  Overlord  
  113  7:45  Roach  
  113  7:46  Roach x3  
  113  7:49  Roach  
  120  7:52  Roach x3  
  120  7:55  Extractor  
  125  7:59  Overlord  
  125  8:01  Roach x3  
  125  8:05  Roach  
  132  8:13  Roach x3  
  132  8:19  Overseer  
  137  8:23  Zergling x18  
  146  8:28  Overlord  
  146  8:36  Overlord  
  145  8:44  Overlord x2  
  145  8:46  Extractor  
  145  8:48  Drone x8  
  145  8:53  Extractor  
  150  8:58  Roach x3  
  156  9:07  Roach  
  148  9:12  Roach  
  148  9:13  Roach x4  
  148  9:14  Roach  
  148  9:16  Roach  
  154  9:18  Roach x2  
  154  9:19  Roach  
  154  9:23  Roach  
  157  9:28  Roach x3  
  163  9:34  Overlord x2  
  157  9:40  Roach  
  157  9:41  Roach  
  157  9:43  Roach  
  145  9:48  Roach  
  145  9:50  Roach  
  145  9:51  Roach x2  
  145  9:52  Roach  
  137  9:53  Roach x2  
  137  9:54  Roach x4  
  127  10:02  Roach  
  127  10:03  Roach  
  131  10:11  Roach x2  
  131  10:12  Roach  
  135  10:15  Roach  
  135  10:20  Roach x2  
  135  10:27  Roach  
  137  10:29  Roach  
  137  10:30  Roach x2  
  137  10:32  Roach  
  137  10:33  Roach x2  

Tags
 
Add a new tag
Caveats
  • Supply blocks, unpowered buildings, or Contaminate may cause inaccurate times.
  • Supply counts are checked every 10 seconds.